[Event "Late-Titled-Tuesday-Blitz-March-12-2024"]
[Site "Chess.com"]
[Date "2024.03.12"]
[Round "10"]
[White "Mikhail_Bryakin"]
[Black "WilsonPalencia21"]
[Result "0-1"]
[WhiteElo "2728"]
[BlackElo "2580"]
[TimeControl "180+1"]
[EndTime "15:54:02 PDT"]
[Termination "WilsonPalencia21 won on time"]

1. e4 c5 2. d4 cxd4 3. Qxd4 Nc6 4. Qd3 g6 5. Nc3 Bg7 6. Nf3 d6 7. Be2 Nf6 8. O-O O-O 9. Nd5 Bg4 10. c3 Bxf3 11. Qxf3 Ne5 12. Qe3 Ned7 13. Nf4 Qb6 14. Qxb6 Nxb6 15. f3 Nfd7 16. Rd1 Rfc8 17. Nd5 Nxd5 18.
Rxd5 Nb6 19. Rd1 a5 20. a4 Nc4 21. Rb1 Ne5 22. Be3 Nc4 23. Bd4 Bxd4+ 24. cxd4 Nb6 25.
b3 Rc3 26. Rdc1 Rac8 27. Rxc3 Rxc3 28. Kf2 e5 29. dxe5 dxe5 30. Ke1 Kf8 31. Kd2 Rc7 32. Bb5 Ke7 33. h4 h5 34. b4 axb4 35. Rxb4 Nc8 36.
Bd3 Nd6 37. Rb3 f5 38. exf5 gxf5 39. Rc3 Rxc3 40. Kxc3 b6 41. Be2 Ke6 42. Bc4+ Kf6 43. Bd5 f4 44. Kb4 Kf5 45. Bc6 Kf6 46. Be4 Kf7 47. Bd3 Kf6 48. Kc3 Ke6 49. Bg6 Nf5 50.
Kb4 Nxh4 51. Bxh5 Kd6 0-1

[Event "Late-Titled-Tuesday-Blitz-March-12-2024"]
[Site "Chess.com"]
[Date "2024.03.12"]
[Round "10"]
[White "lluiss"]
[Black "mortngabriel"]
[Result "0-1"]
[WhiteElo "2228"]
[BlackElo "2493"]
[TimeControl "180+1"]
[EndTime "15:54:02 PDT"]
[Termination "mortngabriel won by resignation"]

1. Nf3 d5 2. d4 Nf6 3. c4 e6 4.
cxd5 exd5 5. Nc3 Bb4 6. Bg5 h6 7. Bxf6 Qxf6 8. e3 O-O 9. Be2 c6 10. O-O Re8 11. Rc1 Bd6 12. a3 a5 13. Na4 Nd7 14.
Qb3 b5 15. Nc3 a4 16. Qc2 Nb6 17. e4 Bf4 18. e5 Qf5 19. Bd3 Qh5 20. Ne2 Bxc1 21.
Rxc1 Nc4 22. Ng3 Qg4 23. Bh7+ Kh8 24. Bd3 Bd7 25. h3 Qe6 26. Nf5 f6 27. N3h4 fxe5 28. dxe5 Nxe5 29. Nd4 Qf6 30. Ng6+ Nxg6 31. Bxg6 Qxd4 32.
Bxe8 Rxe8 33. Rd1 Qe4 34. Qd2 Qe2 35. Qd4 Re4 36. Qd2 Qxd2 37. Rxd2 g5 38. f3 Re3 39. Kf2 Rb3 40. Re2 Bf5 41. Kg3 Kg7 42. h4 Kf6 43. hxg5+ hxg5 44. Kf2 d4 45. g4 d3 46. Rd2 Bg6 47.
Kg3 c5 48. f4 gxf4+ 49. Kxf4 c4 50. g5+ Ke6 51. Ke3 Ke5 0-1

[Event "Late-Titled-Tuesday-Blitz-March-12-2024"]
[Site "Chess.com"]
[Date "2024.03.12"]
[Round "10"]
[White "mbojan"]
[Black "chess_blitz00"]
[Result "1-0"]
[WhiteElo "2869"]
[BlackElo "2477"]
[TimeControl "180+1"]
[EndTime "15:54:03 PDT"]
[Termination "mbojan won on time"]

1. a3 d5 2. h3 e5 3. e3 Nf6 4. d4 Nc6 5. Bb5 e4 6. c4 a6 7. Bxc6+ bxc6 8. Ne2 a5 9. Qc2 Bd6 10. Bd2 O-O 11. Bc3 Ba6 12. Nd2 a4 13. Bb4 Bxb4 14. axb4 Qb8 15. Qc3 dxc4 16. Nf4 Nd5 17. Nxd5 cxd5 18. Rxa4 Bb5 19. Ra5 Qb7 20. O-O Ra6 21.
Rfa1 Rfa8 22. R1a3 Qb6 23. Nb1 f5 24. Rxa6 Rxa6 25.
Ra5 c6 26. Qa3 Kf7 27. Nc3 Rxa5 28. bxa5 Qa6 29. f4 h5 30. Kf2 h4 31. Qb4 g6 32.
Ke1 Ke6 33. Kd2 Kf7 34. Kc2 Ke6 35. Qa3 Kf7 36. Kc1 Ke6 37. Kd1 Kf7 38. Qb4 Ke6 39. Kd2 Kf7 40. Nxb5 cxb5 41. Qa3 Ke6 42. Kc3 Kd7 43.
Kc2 Ke8 44. Qb4 Kf7 45. Kb1 Ke8 46. Ka2 Kf7 47. Ka3 Ke8 48. b3 Kf7 49. Kb2 Ke8 50.
Qe1 Kd7 51. Qb4 Kc7 52. Qc5+ Kb8 53. b4 Qb7 54. Kc3 Qd7 55. Qb6+ Kc8 56. Qxg6 Kb7 57. Qb6+ Kc8 58. Qf6 Kb8 59. Qh8+ Ka7 60. Qxh4 Qg7 61. Qg5 Qh7 62. h4 Ka6 63. h5 Ka7 64. g3 Qh8 65.
h6 Qh7 66. Qg7+ Ka6 67. Kc2 1-0

[Event "Late-Titled-Tuesday-Blitz-March-12-2024"]
[Site "Chess.com"]
[Date "2024.03.12"]
[Round "10"]
[White "DeArron_Fox"]
[Black "Fore_Man"]
[Result "1/2-1/2"]
[WhiteElo "2526"]
[BlackElo "2333"]
[TimeControl "180+1"]
[EndTime "15:54:03 PDT"]
[Termination "Game drawn - insufficient material"]

1. d4 Nf6 2. c4 e6 3. Nf3 d5 4.
Nc3 dxc4 5. e3 a6 6. Bxc4 b5 7. Bb3 Bb7 8. O-O Nbd7 9. e4 c5 10. e5 c4 11. Bxc4 bxc4 12. exf6 Nxf6 13. Bg5 Be7 14. Ne5 O-O 15. Nxc4 Rc8 16. Ne3 h6 17. Bh4 Qb6 18. Na4 Qa5 19. b3 Rfd8 20. Qd3 Bc6 21. Nb2 Qh5 22. Bg3 Bb5 23. Nbc4 Ng4 24. Rfc1 Bf6 25. a4 Rxd4 26. Qe2 Bxc4 27. bxc4 Re4 28.
Ra3 Be5 29. h3 Bxg3 30. fxg3 Qc5 31. hxg4 Qxa3 32. Re1 Qc5 33. Kh2 Rd8 34. Qf3 Rdd4 35. Rb1 Qc7 36. c5 Re5 37. c6 Rde4 38. Rb7 Rxe3 39. Rxc7 Rxf3 40. gxf3 Rc5 41. Rc8+ Kh7 42. c7 a5 43. Ra8 Rxc7 44. Rxa5 Rc2+ 45. Kh3 Rc3 46.
f4 Ra3 47. Ra7 Kg6 48. a5 Kf6 49. a6 g5 50. Kg2 Ra4 51. Ra8 gxf4 52. gxf4 Rxf4 53. Kg3 Ra4 54. a7 e5 55. Kf3 Kg7 56. Kg3 h5 57. gxh5 f5 58. h6+ Kh7 59. Kf3 Ra3+ 60.
Ke2 Ra2+ 61. Ke3 Ra3+ 62. Ke2 e4 63. Rf8 Rxa7 64. Rxf5 Kxh6 65. Ke3 Ra4 66. Re5 Kg6 67.
Rxe4 Rxe4+ 68. Kxe4 1/2-1/2

[Event "Late-Titled-Tuesday-Blitz-March-12-2024"]
[Site "Chess.com"]
[Date "2024.03.12"]
[Round "10"]
[White "trriinu"]
[Black "Koalaskakistis"]
[Result "0-1"]
[WhiteElo "2295"]
[BlackElo "2525"]
[TimeControl "180+1"]
[EndTime "15:54:05 PDT"]
[Termination "Koalaskakistis won by checkmate"]

1. e4 c5 2. Nf3 d6 3. Bb5+ Nc6 4. O-O Bd7 5. Re1 Nf6 6. c3 a6 7. Bf1 Bg4 8. h3 Bxf3 9. Qxf3 e6 10. d3 Be7 11. g4 O-O 12. Bg2 Nd7 13. Nd2 Bg5 14. Nf1 Nde5 15. Qe2 Qf6 16. Ng3 g6 17. Rf1 Bf4 18.
Bxf4 Qxf4 19. Rad1 b5 20. d4 cxd4 21. cxd4 Nc4 22. b3 Nb6 23. Rfe1 e5 24. dxe5 dxe5 25. Rd6 Rac8 26. Qd1 Na8 27. Ne2 Qg5 28. Qd5 Nb4 29.
Qd1 Nc7 30. a3 Na2 31. Rd2 Ne6 32. Rxa2 Rfd8 33. Qa1 h5 34. f3 Qe3+ 35. Kh2 h4 36. Ng1 Qf4+ 37. Kh1 Ng5 38. Rf1 Rd3 39. Raf2 Rcc3 40.
Ne2 Qe3 41. Nxc3 Rxc3 42. Qe1 Qc5 43. Qd2 Ne6 44. Qd7 Nf4 45. Qe8+ Kg7 46. Qd7 Rd3 47. Qa7 Qxa7 48. Re1 Qxf2 49. Rc1 Qxg2# 0-1

[Event "Late-Titled-Tuesday-Blitz-March-12-2024"]
[Site "Chess.com"]
[Date "2024.03.12"]
[Round "10"]
[White "DryCounty"]
[Black "imdvb6307"]
[Result "0-1"]
[WhiteElo "2639"]
[BlackElo "2523"]
[TimeControl "180+1"]
[EndTime "15:54:08 PDT"]
[Termination "imdvb6307 won by resignation"]

1. e4 Nc6 2. Nf3 d6 3. d4 Nf6 4. c3 g6 5. Bb5 Bd7 6. Nbd2 Bg7 7.
O-O O-O 8. Re1 e5 9. Bxc6 Bxc6 10. dxe5 dxe5 11. Qc2 Nd7 12. Nc4 a5 13. a4 Qe7 14.
b3 Rfe8 15. Ba3 Qf6 16. Rad1 Nf8 17. Ne3 Ne6 18. Nd5 Bxd5 19. exd5 Nf4 20. Qe4 Qb6 21. Qc2 f5 22. c4 e4 23. c5 Qf6 24. Nd4 Nxd5 25.
Nb5 c6 26. Nd6 Re7 27. Qc4 Kh8 28. Bc1 Qc3 29. Bg5 Rd7 30. Qxc3 Nxc3 31. Rd2 Be5 32. g3 Nd5 33. f3 Bxd6 34. cxd6 exf3 35. Kf2 Rxd6 36.
Kxf3 Kg8 37. Re5 Kf7 38. h4 Re8 39. Rxe8 Kxe8 40. h5 Kf7 41. Re2 Rd7 42. hxg6+ hxg6 43. Rh2 Nf6 44. Be3 Rd3 45. Ke2 Rxe3+ 46. Kxe3 Ng4+ 47. Kd4 Nxh2 48. Kc5 g5 49. Kb6 Ke6 50. Kxb7 f4 51.
b4 axb4 52. a5 b3 53. a6 b2 54. a7 b1=Q+ 55. Kc7 Qa2 56. Kb8 Qxa7+ 0-1

[Event "Late-Titled-Tuesday-Blitz-March-12-2024"]
[Site "Chess.com"]
[Date "2024.03.12"]
[Round "10"]
[White "ChessSwole"]
[Black "Fjal"]
[Result "0-1"]
[WhiteElo "2643"]
[BlackElo "2332"]
[TimeControl "180+1"]
[EndTime "15:54:08 PDT"]
[Termination "Fjal won by resignation"]

1. e4 d6 2. d4 g6 3. Nf3 Bg7 4.
Bc4 Nf6 5. Qe2 Nc6 6. h3 e5 7. dxe5 Nxe5 8. Nxe5 dxe5 9. O-O O-O 10. Rd1 Qe7 11.
b3 Be6 12. Ba3 c5 13. Bxe6 fxe6 14. Nd2 Nh5 15. Qe3 b6 16. Nf3 Nf4 17. Bb2 Bh6 18. Nxe5 Qh4 19. Ng4 Bg5 20. Rd7 Rf7 21. Rxf7 Kxf7 22. Qf3 Kg8 23. e5 Rf8 24. Nf6+ Kg7 25. Rd1 Rf7 26. Rd8 Kh6 27. Rg8 Bxf6 28. exf6 Rd7 29.
Bc1 e5 30. Kh2 g5 31. Bxf4 exf4 32. Qc6 Qxf2 33. f7+ Kh5 34. Qf3+ Qxf3 35. gxf3 Rxf7 36. Re8 Rd7 37. Kg1 Rd2 38. Re7 h6 39. Rxa7 Rxc2 40. a4 Kh4 41. Rh7 Kg3 42. Kf1 Kxf3 43. Ke1 Kg3 44.
Rxh6 f3 45. Rf6 f2+ 46. Kf1 Rc1+ 47. Ke2 Rc2+ 48. Kf1 Rc1+ 49. Ke2 f1=Q+ 50. Rxf1 Rxf1 51. Kxf1 Kxh3 52. Kf2 g4 53. a5 bxa5 54. Ke3 g3 55. b4 axb4 0-1

[Event "Late-Titled-Tuesday-Blitz-March-12-2024"]
[Site "Chess.com"]
[Date "2024.03.12"]
[Round "10"]
[White "amiralfio"]
[Black "crazyluzhinTh3"]
[Result "1-0"]
[WhiteElo "2675"]
[BlackElo "2571"]
[TimeControl "180+1"]
[EndTime "15:54:09 PDT"]
[Termination "amiralfio won by resignation"]

1. e4 d6 2. Nf3 Nf6 3. Nc3 Bg4 4.
h3 Bh5 5. Be2 e6 6. d4 c6 7. Be3 d5 8. e5 Nfd7 9. Nd2 Bg6 10. h4 h6 11. h5 Bh7 12. Nf3 c5 13. Bd3 Bxd3 14. Qxd3 Nc6 15. Ne2 cxd4 16. Bxd4 Nc5 17.
Qe3 Ne4 18. c3 Be7 19. O-O O-O 20. Rad1 Qa5 21. a3 Rac8 22. Nd2 Nxd4 23. Nxd4 Nxd2 24.
Rxd2 Qb6 25. f4 Rc4 26. Kh2 Rfc8 27. Rf3 Qd8 28. Rg3 Kh8 29. Qf3 Bc5 30. Qg4 Qf8 31.
f5 Bxd4 32. Rxd4 Rxd4 33. cxd4 exf5 34. Qxf5 Rc6 35. Rc3 Rxc3 36. bxc3 Qe7 37. Kh3 Qxa3 38. Qc8+ Kh7 39. Qf5+ Kg8 40. Qf3 Qa5 41. Kg4 Qd8 42. Qf5 a5 43. e6 fxe6 44. Qxe6+ Kh8 45. Qf7 Qg5+ 46. Kh3 Qf6 47. Qxd5 Qa6 48. Qf7 a4 49. d5 a3 50. Qf8+ Kh7 51. d6 Qc6 52. Qf5+ Kg8 53. d7 Qc7 54. Qe6+ Kh7 55. Qe4+ Kg8 56. Qe8+ Kh7 57.
d8=Q Qxc3+ 58. g3 1-0

[Event "Late-Titled-Tuesday-Blitz-March-12-2024"]
[Site "Chess.com"]
[Date "2024.03.12"]
[Round "10"]
[White "Fh2411"]
[Black "Rodalquilar"]
[Result "0-1"]
[WhiteElo "2667"]
[BlackElo "2801"]
[TimeControl "180+1"]
[EndTime "15:54:10 PDT"]
[Termination "Rodalquilar won by resignation"]

1. d4 d5 2. Nf3 Nf6 3. Bf4 e6 4. e3 Bd6 5. Bg3 O-O 6. Nbd2 c5 7.
c3 Qc7 8. dxc5 Qxc5 9. Bd3 Nbd7 10. Qe2 h6 11. e4 Bxg3 12. hxg3 dxe4 13. Nxe4 Nxe4 14.
Qxe4 Nf6 15. Qe2 Bd7 16. Ne5 Rfd8 17. O-O Be8 18. Rfd1 Rd5 19. Nf3 Rad8 20. Bc2 Bb5 21. Qe1 Bc6 22. Nd4 Be8 23. Nf3 Qb6 24. b3 Qa5 25.
Rxd5 Nxd5 26. c4 Qxe1+ 27. Rxe1 Nb4 28. Bb1 a5 29. Kf1 a4 30. a3 Nc6 31. b4 b6 32.
Ke2 Ne7 33. Rd1 Rc8 34. Bd3 f6 35. Rc1 e5 36. Nd2 Kf8 37. f3 Nc6 38. g4 Nd4+ 39. Ke3 Bf7 40. Ne4 Nb3 41. Rc3 Ke7 42. Ng3 g6 43.
Ne4 f5 44. Nd2 Nd4 45. gxf5 gxf5 46. f4 Kf6 47. fxe5+ Kxe5 48. Nf3+ Nxf3 49. Kxf3 Kd4 50. Bxf5 Rf8 51. Rd3+ Kxc4 52. Kg4 Be6 53. Rf3 Rxf5 54. Rxf5 Kb3 55. Kf4 Bxf5 56. Kxf5 Kxa3 57. Kg6 Kxb4 58. Kxh6 a3 59. g4 a2 60. g5 a1=Q 61. g6 Qf6 62. Kh7 Qxg6+ 63. Kxg6 Kc3 0-1

[Event "Late-Titled-Tuesday-Blitz-March-12-2024"]
[Site "Chess.com"]
[Date "2024.03.12"]
[Round "10"]
[White "sergiochess83"]
[Black "Oleksandr_Bortnyk"]
[Result "0-1"]
[WhiteElo "2902"]
[BlackElo "3014"]
[TimeControl "180+1"]
[EndTime "15:54:12 PDT"]
[Termination "Oleksandr_Bortnyk won by resignation"]

1. e4 Nf6 2. e5 Nd5 3. d4 d6 4. Nf3 dxe5 5. Nxe5 c6 6. Be2 Bf5 7. O-O e6 8. a3 Nd7 9. Nf3 Bd6 10. c4 N5f6 11.
Nc3 O-O 12. h3 Qc7 13. Nh4 Bg6 14. Be3 Rfe8 15. Nxg6 hxg6 16. Qd2 a5 17. Rfd1 e5 18. d5 Bc5 19. Rac1 a4 20. Bg4 Bxe3 21. Qxe3 e4 22.
Bxd7 Qxd7 23. dxc6 Qxc6 24. Rd4 Re5 25. Rcd1 Rae8 26.
Nd5 Nxd5 27. cxd5 Qd7 28. d6 R8e6 29. Qf4 f6 30. Qe3 Kh7 31. R1d2 b5 32. Rd1 f5 33. g4 Rf6 34. Qf4 Ree6 35. g5 Rf8 36. h4 Rc8 37. h5 Rc2 38. Rd5 e3 39. fxe3 Re4 40. hxg6+ Kxg6 41. Qxf5+ Qxf5 42. Rxf5 Rg4+ 43. Kf1 Rh4 44. Kg1 Rg4+ 45.
Kf1 Rh4 46. Kg1 Kxf5 47. d7 Rg4+ 48. Kf1 Rh4 49. Kg1 Rh8 50. d8=Q Rxd8 51. Rxd8 Rxb2 52.
Rd5+ Kg4 53. g6 Kg3 54. Kf1 Kf3 55. Rf5+ Kxe3 56. Rf7 b4 57. axb4 a3 58. Rxg7 a2 59.
Ra7 Rb1+ 60. Kg2 a1=Q 61. Rxa1 Rxa1 62. Kg3 Ra6 0-1

[Event "Late-Titled-Tuesday-Blitz-March-12-2024"]
[Site "Chess.com"]
[Date "2024.03.12"]
[Round "10"]
[White "Veleamater"]
[Black "HajiyevKanan"]
[Result "1/2-1/2"]
[WhiteElo "2338"]
[BlackElo "2520"]
[TimeControl "180+1"]
[EndTime "15:54:14 PDT"]
[Termination "Game drawn - insufficient material"]

1. Nf3 d5 2. g3 Nf6 3. Bg2 g6 4. O-O Bg7 5. d3 O-O 6. c4 c5 7. Nc3 Nc6 8. e4 dxc4 9. dxc4 Qxd1 10. Rxd1 Be6 11. Nd5 Nxe4 12. Nc7 Rad8 13. Re1 Nf6 14. Nxe6 fxe6 15. Rxe6 Rd1+ 16. Re1 Rxe1+ 17. Nxe1 Ng4 18.
Nd3 Bd4 19. Bd5+ Kg7 20. Bg5 Nxf2 21. Nxf2 Rxf2 22. Kh1 e5 23. Rd1 Rxb2 24. Rd3 h6 25. Be3 Rxa2 26. Bxd4 cxd4 27. Rb3 Na5 28. Rf3 h5 29. h4 a6 30. Rf7+ Kh6 31. Rd7 Rf2 32. Bg8 g5 33. Rd6+ Kg7 34. Bd5 gxh4 35. gxh4 d3 36.
Be4 d2 37. Kg1 Re2 38. Bf3 Re1+ 39. Kf2 e4 40. Be2 e3+ 41. Kxe3 d1=Q 42. Rxd1 Rxd1 43.
Bxd1 Nxc4+ 44. Kf4 Kh6 45. Ke4 b5 46. Kd4 Nb2 47.
Bc2 a5 48. Kc5 a4 49. Kxb5 a3 50. Bb3 Nd3 51. Ka4 Nf4 52. Kxa3 Ng2 53. Bd1 Nxh4 54.
Bxh5 1/2-1/2

[Event "Late-Titled-Tuesday-Blitz-March-12-2024"]
[Site "Chess.com"]
[Date "2024.03.12"]
[Round "10"]
[White "ural58"]
[Black "Yeritsyaan"]
[Result "0-1"]
[WhiteElo "2518"]
[BlackElo "2650"]
[TimeControl "180+1"]
[EndTime "15:54:16 PDT"]
[Termination "Yeritsyaan won by resignation"]

1. e4 g6 2. d4 Bg7 3. Nc3 c6 4. Be3 d5 5. Qd2 h5 6. f3 dxe4 7. fxe4 Nh6 8. h3 Nd7 9. Nf3 e6 10.
O-O-O a5 11. Be2 a4 12. a3 Qa5 13. Kb1 b5 14. d5 cxd5 15. Nxb5 Qxd2 16. Rxd2 dxe4 17.
Nc7+ Ke7 18. Nxa8 Nf5 19. Ba7 Ng3 20. Re1 Nxe2 21. Rexe2 exf3 22. gxf3 Ba6 23. Rxd7+ Kxd7 24. Nb6+ Kc7 25. Rd2 Rd8 26. Rxd8 Kxd8 27. Nxa4 g5 28. Be3 Bf6 29. f4 g4 30. hxg4 hxg4 31. Kc1 g3 32.
Kd2 g2 33. Bg1 Bb5 34. Nc5 Bxb2 35. a4 Bc6 36. c3 Ba3 37. a5 Kc7 38. Nd3 Kb7 39.
Ne5 Be8 40. Ke2 f6 41. Nf3 Bc6 42. Kf2 Bc5+ 43. Nd4 e5 44. fxe5 fxe5 45. Kg3 exd4 46. cxd4 Bd6+ 47. Kf2 Bd5 48. Ke3 Ka6 49. Bf2 Kxa5 50.
Ke2 Kb4 51. Be3 Kc3 52. Kf2 Kd3 53. Bg5 Kxd4 54. Kg1 Kd3 55. Bh4 Bc5+ 0-1

[Event "Late-Titled-Tuesday-Blitz-March-12-2024"]
[Site "Chess.com"]
[Date "2024.03.12"]
[Round "10"]
[White "katharinareinecke"]
[Black "RianKapriaga"]
[Result "1/2-1/2"]
[WhiteElo "1976"]
[BlackElo "2269"]
[TimeControl "180+1"]
[EndTime "15:54:16 PDT"]
[Termination "Game drawn by repetition"]

1. e4 d5 2. exd5 Qxd5 3. Nc3 Qa5 4. d3 Nf6 5. Nf3 Bg4 6. h3 Bh5 7. g3 c6 8. Bg2 Nbd7 9. O-O e6 10. Bd2 Qb6 11. b3 Bd6 12. Kh2 O-O 13. Be3 Qc7 14.
Ne4 Be7 15. Bf4 e5 16. Be3 Nd5 17. Bd2 f5 18. Nc3 Nxc3 19. Bxc3 e4 20. dxe4 fxe4 21.
Qd4 Bf6 22. Qc4+ Bf7 23. Qxe4 Bxc3 24. Rad1 Rae8 25. Qd3 Qa5 26. Qxd7 Qxa2 27. Ng5 Bg6 28. Ne6 Qxc2 29. Nxf8 Rxf8 30. Qxb7 c5 31. Qd5+ Kh8 32. Qxc5 Qxb3 33. Qe3 Qb4 34. Rc1 Bd4 35. Qe2 h6 36.
Qd1 Bb6 37. Qg4 Qxg4 38. hxg4 Rxf2 39. Rxf2 Bxf2 40. Rc8+ Kh7 41. Ra8 Bb6 42. Bd5 Bd3 43. Kh3 Kg6 44. Kh4 Kf6 45. Rf8+ Kg6 46. Bf7+ Kh7 47. Bg8+ Kg6 48. Bf7+ Kh7 49. Bg8+ Kg6 50. Bf7+ 1/2-1/2

[Event "Late-Titled-Tuesday-Blitz-March-12-2024"]
[Site "Chess.com"]
[Date "2024.03.12"]
[Round "10"]
[White "David_ATM"]
[Black "goldihouse"]
[Result "0-1"]
[WhiteElo "2378"]
[BlackElo "2632"]
[TimeControl "180+1"]
[EndTime "15:54:17 PDT"]
[Termination "goldihouse won by checkmate"]

1. e4 e6 2. d4 d5 3. exd5 exd5 4. Bd3 c5 5. c3 Nf6 6. Nf3 Nc6 7. O-O c4 8. Bc2 Be7 9. Re1 O-O 10. Bf4 Bg4 11. h3 Bh5 12. Nbd2 Re8 13. Nf1 Qb6 14. Rb1 Bg6 15. Ng3 Bf8 16. Ne5 Rad8 17. Bxg6 hxg6 18. Nxc6 Qxc6 19. Bg5 Bd6 20. Bxf6 gxf6 21. Qf3 Kg7 22. Qg4 Bxg3 23. Qxg3 Re6 24. Rxe6 Qxe6 25. Qe3 Qxe3 26. fxe3 f5 27. b4 Re8 28. Kf2 Re4 29. b5 f4 30. exf4 Rxf4+ 31. Ke3 Rf6 32. a4 g5 33. a5 Kg6 34. b6 a6 35. g3 Kh5 36. Ke2 Re6+ 37.
Kf3 f5 38. Rf1 Re4 39. Rg1 Kg6 40. g4 f4 41. Rh1 Re3+ 42. Kf2 Kf6 43. h4 gxh4 44.
Rxh4 Rxc3 45. Rh7 Kg5 46. Rxb7 Kxg4 47. Rg7+ Kf5 48. Re7 Rc2+ 49. Re2 Rc1 50. Rb2 c3 51. Rb3 c2 52. b7 Rf1+ 53. Kg2 c1=Q 54. b8=Q Rg1+ 55.
Kh2 Rh1+ 56. Kg2 Qg1+ 57. Kf3 Qd1+ 58. Kf2 Rh2# 0-1

[Event "Late-Titled-Tuesday-Blitz-March-12-2024"]
[Site "Chess.com"]
[Date "2024.03.12"]
[Round "10"]
[White "JaackCamel"]
[Black "ThaBarWa"]
[Result "1-0"]
[WhiteElo "2212"]
[BlackElo "2339"]
[TimeControl "180+1"]
[EndTime "15:54:17 PDT"]
[Termination "JaackCamel won by checkmate"]

1. d4 Nf6 2. c4 e6 3. Nc3 Bb4 4. Qc2 d5 5. a3 Bxc3+ 6. Qxc3 O-O 7. Nf3 dxc4 8. Qxc4 b6 9. Bg5 Ba6 10. Qa4 Qd7 11.
Qxd7 Nbxd7 12. e3 Bxf1 13. Kxf1 Ne4 14. Bf4 c5 15. Ke2 Rac8 16. dxc5 Rxc5 17. Rac1 Rfc8 18. Rxc5 Rxc5 19. Rd1 Nef6 20. Be5 h6 21. Bc3 Nd5 22. Bd4 Rc2+ 23. Rd2 Rc1 24. b4 f6 25. Bb2 Kf7 26. g3 Rc7 27. h4 Nf8 28. Nd4 Nc3+ 29. Bxc3 Rxc3 30. Nb5 Rc1 31. Nxa7 Ng6 32. Nc8 b5 33. Nd6+ Ke7 34. Nxb5 Ne5 35. a4 Nc4 36. Rd4 Nb2 37. a5 Rc2+ 38. Kf3 Rc6 39. Na3 Rc3 40. Nb5 Rc6 41. Na3 Rc3 42. Nb1 Rc1 43. Nd2 Na4 44. b5 Nc3 45. b6 Nb5 46. Rb4 Rc5 47. Nb3 Nd6 48. Nxc5 e5 49. Ne4 Nf5 50. Ke2 Nxh4 51. gxh4 f5 52. b7 fxe4 53. b8=Q Ke6 54. Rb6+ Kf5 55.
Qd6 h5 56. Qf8+ Kg4 57. Rg6+ Kh3 58. Qxg7 Kh2 59. Rg2+ Kh3 60. Qg3# 1-0

[Event "Late-Titled-Tuesday-Blitz-March-12-2024"]
[Site "Chess.com"]
[Date "2024.03.12"]
[Round "10"]
[White "Witik"]
[Black "Vladimir_Zakhartsov"]
[Result "1/2-1/2"]
[WhiteElo "2749"]
[BlackElo "2928"]
[TimeControl "180+1"]
[EndTime "15:54:18 PDT"]
[Termination "Game drawn by repetition"]

1. d4 Nf6 2. Nf3 d5 3. Bf4 c5 4.
e3 Nc6 5. Nbd2 Nh5 6. Bg5 h6 7.
Bh4 g5 8. Ne5 Nxe5 9. dxe5 Ng7 10. Bg3 Nf5 11. e4 Nxg3 12. hxg3 Bg7 13. f4 d4 14. Bc4 e6 15. Qh5 Qe7 16. Bb5+ Kd8 17. a4 Kc7 18. O-O a6 19. Bd3 Bd7 20. Nc4 f6 21.
exf6 Bxf6 22. e5 Bg7 23. Be4 Rab8 24. Nd6 Bf8 25. Qf3 Bc8 26. a5 Qg7 27. Qb3 b5 28. axb6+ Rxb6 29. Qc4 Bxd6 30. exd6+ Kxd6 31. Ra5 Qc7 32.
Rd1 Rd8 33. fxg5 hxg5 34. c3 e5 35. Qd5+ Ke7 36. Qxc5+ Qxc5 37. Rxc5 dxc3 38. Rxd8 Kxd8 39. bxc3 Rb5 40. Rxb5 axb5 41. Kf2 Ke7 42. Ke3 Kd6 43. Bd3 Bb7 44. Bxb5 Bxg2 45. Bd3 Kc5 46. Be4 Bh3 47. Bd3 Bg2 48. Be2 Bd5 49. Bd3 Bc6 50. Be2 Bb7 51.
Bd3 Bc8 52. Be2 Bd7 53. Bd3 Kd6 54. Be2 Bf5 55. Bd3 Be6 56. Be2 Bd5 57. Bd3 Bc6 58. Be2 Kc5 59. Bd3 Bd5 60. Be2 Bc6 61. Bd3 Kb6 62. Be2 Kc5 1/2-1/2

[Event "Late-Titled-Tuesday-Blitz-March-12-2024"]
[Site "Chess.com"]
[Date "2024.03.12"]
[Round "10"]
[White "BilodeauA"]
[Black "MikaelyanArman"]
[Result "1-0"]
[WhiteElo "3021"]
[BlackElo "2861"]
[TimeControl "180+1"]
[EndTime "15:54:19 PDT"]
[Termination "BilodeauA won by resignation"]

1. e4 c5 2. Nf3 Nc6 3. Nc3 e5 4. Bc4 Be7 5. d3 d6 6. Nd2 Nf6 7. Nf1 Bg4 8. Qd2 Be6 9. Ne3 O-O 10. O-O a6 11. a4 Nb4 12. b3 d5 13. exd5 Nfxd5 14. Ncxd5 Nxd5 15. Nxd5 Bxd5 16. Bxd5 Qxd5 17. a5 Rad8 18. Ra4 f5 19. Qe2 Bf6 20. f3 Rfe8 21.
Rc4 e4 22. fxe4 Bd4+ 23. Be3 fxe4 24. Bxd4 cxd4 25. Rc7 exd3 26. Qxd3 Rd7 27. Rxd7 Qxd7 28. Qc4+ Kh8 29. Rd1 Qf5 30. h3 Qxa5 31. Qxd4 h6 32.
b4 Qe5 33. Qd7 Re7 34. Qc8+ Kh7 35. Rd3 Qe1+ 36. Kh2 Qxb4 37. Qf5+ g6 38. Qf6 Qe4 39. Rd8 Qe5+ 40. Qxe5 Rxe5 41. Rd7+ Kg8 42. Rxb7 Rc5 43. Rb2 Kg7 44. Kg3 h5 45. Kf4 Kh6 46. Ke4 Kg5 47.
Kd4 Rc8 48. c4 Kf4 49. c5 g5 50. Kd5 Kg3 51. c6 g4 52. hxg4 hxg4 53. Kd6 a5 54. c7 a4 55. Kd7 a3 56. Ra2 Ra8 57. c8=Q Rxc8 58. Kxc8 Kh2 59. Kd7 g3 60. Ke6 Kh1 61. Kf5 1-0

[Event "Late-Titled-Tuesday-Blitz-March-12-2024"]
[Site "Chess.com"]
[Date "2024.03.12"]
[Round "10"]
[White "Danito1954"]
[Black "NMJeevanK"]
[Result "1/2-1/2"]
[WhiteElo "2352"]
[BlackElo "2609"]
[TimeControl "180+1"]
[EndTime "15:54:22 PDT"]
[Termination "Game drawn - insufficient material"]

1. e4 d6 2. d4 Nf6 3. Nc3 Nbd7 4. f4 e5 5. Nf3 exd4 6. Nxd4 c6 7. Bd3 Nc5 8. O-O Qb6 9. Be3 Qxb2 10. Qd2 Qb6 11. Kh1 Be7 12. e5 dxe5 13. fxe5 Ng4 14. Bg1 Qa5 15.
Rae1 Be6 16. Nf5 Bf8 17. Qf4 Nxd3 18. cxd3 Qxc3 19. Qxg4 O-O-O 20. Qa4 Bxf5 21. Qxa7 Qa3 22. Rxf5 Qxa7 23. Bxa7 Bb4 24. Rb1 c5 25. Rc1 Rxd3 26. Bxc5 Bxc5 27. Rxc5+ Kb8 28. h4 Rd7 29. a4 g6 30. Rf6 Re8 31. Rb6 Rde7 32. Rbb5 Rc7 33. Rd5 Rc4 34. Kg1 Re7 35. h5 gxh5 36. a5 Ka7 37. Rd6 Re4 38. Rdb6 R4xe5 39. Rxb7+ Rxb7 40. Rxe5 Ka6 41. Rxh5 Rb5 42. Rxh7 Rf5 43. Rh8 Kxa5 44.
Rb8 Ka6 45. Kh2 Rb5 46. Rf8 Rb7 47. Rc8 Kb6 48. Kg3 Rc7 49. Rd8 Kc6 50. Kf4 Rd7 51.
Re8 Kd6 52. Kf5 Re7 53. Ra8 Re2 54. g4 Ke7 55. Rb8 Rf2+ 56. Kg5 Re2 57. Rb7+ Kf8 58. Kh5 Re5+ 59. g5 f6 60. Kg6 fxg5 61. Kf6 Re8 62. Rh7 Kg8 63. Rg7+ Kf8 64. Rh7 Kg8 65. Rg7+ Kf8 66.
Rxg5 Rc8 67. Rd5 Rc6+ 68. Ke5 Ke7 69. Ra5 Re6+ 70. Kf5 Rd6 71. Kg5 Ke6 72. Ra8 Rd5+ 73. Kf4 Rd7 74. Ke4 Kd6 75. Ra6+ Ke7 76. Ke5 Rb7 77.
Ra5 Rc7 78. Rd5 Rb7 79. Rc5 Rd7 80. Rc6 Rb7 81. Re6+ Kd7 82. Kf6 Rc7 83. Ke5 Rc6 84. Rxc6 Kxc6 1/2-1/2

[Event "Late-Titled-Tuesday-Blitz-March-12-2024"]
[Site "Chess.com"]
[Date "2024.03.12"]
[Round "10"]
[White "Rawnsdale"]
[Black "GaiozNigalidze"]
[Result "1/2-1/2"]
[WhiteElo "2537"]
[BlackElo "2696"]
[TimeControl "180+1"]
[EndTime "15:54:23 PDT"]
[Termination "Game drawn by repetition"]

1. e4 c5 2. Nf3 Nc6 3. d4 cxd4 4. Nxd4 Nf6 5. Nc3 e5 6. Ndb5 d6 7. Nd5 Nxd5 8. exd5 Nb8 9. c4 a6 10. Qa4 Nd7 11. Be3 Rb8 12. Nc3 Be7 13. Be2 O-O 14. O-O Bg5 15. f4 Bxf4 16. Bxf4 exf4 17. Rxf4 Qg5 18.
Raf1 Ne5 19. Ne4 Qh6 20. Qa3 Rd8 21. c5 dxc5 22. Qxc5 Bd7 23. Qc7 f6 24. Qc3 Re8 25.
Qg3 Kh8 26. Nd6 Re7 27. Re4 Qg6 28. Qf2 Rd8 29. Qf4 Bc8 30. Rxe5 Rxe5 31. Nf7+ Qxf7 32. Qxe5 Qxd5 33. Qxd5 Rxd5 34. Rc1 Rd8 35. Bf3 h6 36. Kf2 Kh7 37. Rc7 b5 38. Ke3 Kg6 39. Be4+ f5 40. Rc6+ Kg5 41. Bf3 g6 42. g3 h5 43. h4+ Kh6 44.
Kf4 Rd4+ 45. Ke5 Rd3 46. Be2 Re3+ 47. Kf6 Bb7 48. Rb6 Rxe2 49. Rxb7 Rc2 50. Rb8 Rc6+ 51.
Kf7 Kh7 52. Rb7 Rd6 53. Re7 Rd3 54. Kf8+ Kh6 55. Kf7 Rxg3 56. Kf6 f4 57. Re8 Kh7 58. Re7+ Kg8 59. Re8+ Kh7 60. Re7+ Kh8 61. Re8+ Kh7 1/2-1/2